[Event "12th National Schools-ch 2024"]
[Site "Gyan Bhawan Patna"]
[Date "2024.02.08"]
[Round "6.8"]
[White "Rahul Kumar, Pune"]
[Black "Arnav Agrawal"]
[Result "0-1"]
[ECO "B07"]
[WhiteElo "2242"]
[BlackElo "1610"]
[Annotator "RC"]
[PlyCount "124"]
[EventDate "2024.02.05"]
[EventCountry "IND"]
[SourceTitle "playchess.com"]
[Source "ChessBase"]
[SourceQuality "1"]
[TimeControl "5400+30"]

1. d4 Nf6 2. Nf3 g6 3. Nbd2 Bg7 4. e4 d6 5. Bd3 O-O 6. c3 a6 7. a4 Bg4 8. O-O Nbd7 9. h3 Bxf3 10. Nxf3 c5 11. Qe2 e6 12. Be3 Qc7 13. dxc5 Nxc5 14. Bxc5 dxc5 15. Rfd1 Rac8 16. Nd2 Nd7 17. Nc4 b5 18. axb5 axb5 19. Ne3 c4 20. Bc2 Nc5 21. Ng4 h5 22. Nh2 Rb8 23. Nf3 Rfc8 24. Nd4 e5 25. Nf3 Ne6 26. Qe3 Rb7 27. b4 Kh7 28. Ng5+ Nxg5 29. Qxg5 Bh6 30. Qf6 Rb6 31. Qf3 Kg7 32. Rd5 Rd8 33. Rad1 Rbd6 34. Qe2 Rxd5 35. exd5 Qd6 36. g3 f5 37. g4 hxg4 38. hxg4 e4 39. Kg2 Rg8 40. f3 e3 41. Rd4 Rh8 42. gxf5 Bf4 43. Kg1 Bh2+ 44. Kf1 Bg3 45. Qxe3 Rh1+ 46. Kg2 Rh2+ 47. Kf1 Rf2+ 48. Kg1 Rxc2 49. Rd2 Rxd2 50. Qxd2 gxf5 51. Qg5+ Qg6 52. Qe7+ Kh6 53. Qf8+ Kh5 54. Qh8+ Qh6 55. Qe8+ Kh4 56. Qe2 Qc1+ 57. Kg2 Qe1 58. Qc2 Bf4 59. Qxf5 Qe2+ 60. Kg1 Be3+ 61. Kh1 Qf1+ 62. Kh2 Qd3 0-1

[Event "12th National Schools-ch 2024"]
[Site "Gyan Bhawan Patna"]
[Date "2024.02.08"]
[Round "6.9"]
[White "Arshiya Das"]
[Black "Sindhusree K"]
[Result "1/2-1/2"]
[ECO "B90"]
[WhiteElo "1667"]
[BlackElo "1445"]
[Annotator "NA RC"]
[PlyCount "133"]
[EventDate "2024.02.05"]
[EventCountry "IND"]
[SourceTitle "playchess.com"]
[Source "ChessBase"]
[SourceQuality "1"]
[TimeControl "5400+30"]

1. e4 c5 2. Nf3 d6 3. d4 cxd4 4. Nxd4 Nf6 5. Nc3 a6 6. Qd3 Nbd7 7. h3 Nc5 8. Qe3 e5 9. Nf3 b5 10. a3 Bb7 11. Bd3 Be7 12. O-O O-O 13. Qe2 Qc7 14. Bd2 Rfe8 15. Nh2 d5 16. f3 Ne6 17. g3 Rad8 18. Be1 Bc5+ 19. Kh1 Bd4 20. exd5 Nxd5 21. Nxd5 Bxd5 22. c3 Bb6 23. Qc2 h6 24. Bf2 Ng5 25. Bxb6 Qxb6 26. Rae1 e4 27. fxe4 Nxe4 28. Rxe4 Qc6 29. Qf2 Bxe4+ 30. Bxe4 Qxe4+ 31. Nf3 Qe2 32. Kg2 Rd3 33. Nd4 Qxf2+ 34. Rxf2 g6 35. Nc2 Red8 36. Nd4 Kg7 37. Re2 Kf8 38. Rf2 Re8 39. Nc2 Rd6 40. Nd4 Kg7 41. Rd2 Red8 42. Re2 Kf6 43. Kf2 Rc8 44. Kg2 Rd5 45. Nf3 a5 46. Kf2 Rcd8 47. Nd4 b4 48. axb4 axb4 49. Nc6 R8d6 50. Nxb4 Rd2 51. Nc2 Rxe2+ 52. Kxe2 Ke5 53. Ne3 Ke4 54. Nc4 Re6 55. Nd2+ Kd5+ 56. Kd3 f5 57. b4 g5 58. c4+ Kc6 59. Nf3 Kb7 60. Nd4 Re5 61. Nf3 Re8 62. Kd4 f4 63. gxf4 gxf4 64. h4 Re3 65. Nd2 h5 66. Ne4 Re2 67. Ng5 1/2-1/2

[Event "12th National Schools-ch 2024"]
[Site "Gyan Bhawan Patna"]
[Date "2024.02.08"]
[Round "6.10"]
[White "Pavan Karthikeya Varma Gunturi"]
[Black "Shadhursshaan R"]
[Result "1/2-1/2"]
[ECO "B00"]
[WhiteElo "1590"]
[BlackElo "2058"]
[Annotator "RC"]
[PlyCount "87"]
[EventDate "2024.02.05"]
[EventCountry "IND"]
[SourceTitle "playchess.com"]
[Source "ChessBase"]
[SourceQuality "1"]
[TimeControl "5400+30"]

1. e4 b6 2. d4 Bb7 3. Nc3 e6 4. Bd3 Nf6 5. Be3 Bb4 6. f3 d5 7. e5 Nfd7 8. a3 Be7 9. Nce2 c5 10. c3 f5 11. f4 Nc6 12. Nf3 c4 13. Bc2 b5 14. Ng3 Qb6 15. Ng5 Bxg5 16. Qh5+ g6 17. Qxg5 Qd8 18. Qxd8+ Kxd8 19. Kd2 a5 20. h4 Kc7 21. Ne2 h5 22. Ng1 Rhb8 23. Nf3 Nb6 24. Ng5 Bc8 25. Nf7 Bd7 26. Nd6 Ne7 27. Rhc1 Nbc8 28. Nxc8 Nxc8 29. Bd1 Ra7 30. Ra2 Rab7 31. Ke1 b4 32. axb4 axb4 33. b3 cxb3 34. Bxb3 Kd8 35. c4 dxc4 36. Rxc4 Ne7 37. Rc5 Rb5 38. Rxb5 Rxb5 39. Ra8+ Kc7 40. Ra7+ Kc8 41. Ba4 Rd5 42. Bb3 Kb8 43. Bxd5 Kxa7 44. Bxe6 1/2-1/2

[Event "12th National Schools-ch 2024"]
[Site "Gyan Bhawan Patna"]
[Date "2024.02.09"]
[Round "8.1"]
[White "Divi Bijesh"]
[Black "Nakshatra Gumudavelly"]
[Result "1-0"]
[ECO "C77"]
[WhiteElo "1296"]
[BlackElo "1044"]
[Annotator "NA RC"]
[PlyCount "133"]
[EventDate "2024.02.05"]
[EventCountry "IND"]
[SourceTitle "playchess.com"]
[Source "ChessBase"]
[SourceQuality "1"]
[TimeControl "5400+30"]

1. e4 e5 2. Nf3 Nc6 3. Bb5 a6 4. Ba4 Nf6 5. d3 d6 6. c3 g6 7. O-O Bg7 8. Re1 O-O 9. Nbd2 Bd7 10. Nf1 Nh5 11. Ng3 Nxg3 12. hxg3 f5 13. Bb3+ Kh8 14. Ng5 Qf6 15. exf5 Qxf5 16. Be3 h6 17. Ne4 Na5 18. Rf1 Nxb3 19. Qxb3 Bc6 20. Qc2 d5 21. Nc5 d4 22. Bd2 Rae8 23. Ne4 Bxe4 24. dxe4 Qd7 25. f3 d3 26. Qb3 Qb5 27. Qxb5 axb5 28. Rfc1 Rd8 29. c4 bxc4 30. Rxc4 Rd7 31. Rac1 c6 32. Kf2 Rf6 33. Be3 g5 34. g4 Kh7 35. Rd1 Bf8 36. Rc3 d2 37. Rxd2 Rxd2+ 38. Bxd2 Rd6 39. Be3 Rd1 40. Ke2 Ra1 41. a3 Ra2 42. Bc1 c5 43. Rb3 b6 44. Rxb6 c4 45. Kd1 Ra1 46. Rc6 c3 47. Rxc3 Kg7 48. Kc2 Kf7 49. b4 Ke6 50. Kb2 Bxb4 51. Rc6+ Kd7 52. Kxa1 Kxc6 53. axb4 Kb6 54. Kb2 Kb5 55. Kb3 Kc6 56. Kc4 Kb6 57. Bb2 Kc6 58. Bxe5 Kb6 59. Bd4+ Kc6 60. b5+ Kc7 61. b6+ Kb7 62. e5 Kc6 63. e6 Kb7 64. e7 Ka6 65. e8=Q Kb7 66. Qd7+ Ka6 67. Qa7# 1-0

[Event "12th National Schools-ch 2024"]
[Site "Gyan Bhawan Patna"]
[Date "2024.02.09"]
[Round "8.2"]
[White "Advik Amit Agrawal"]
[Black "Oishik Mondal"]
[Result "1/2-1/2"]
[ECO "B22"]
[WhiteElo "1490"]
[BlackElo "1524"]
[Annotator "NA RC"]
[PlyCount "92"]
[EventDate "2024.02.05"]
[EventCountry "IND"]
[SourceTitle "playchess.com"]
[Source "ChessBase"]
[SourceQuality "1"]
[TimeControl "5400+30"]

1. e4 c5 2. c3 d5 3. exd5 Qxd5 4. d4 Nf6 5. Nf3 Bg4 6. Be2 e6 7. O-O Nc6 8. Be3 cxd4 9. cxd4 Be7 10. Nc3 Qd6 11. h3 Bh5 12. a3 O-O 13. Qd2 Rfd8 14. Rfd1 Rac8 15. Rac1 Qd7 16. b4 Bg6 17. Qa2 Ne4 18. Bb5 Nxc3 19. Rxc3 Bf6 20. Rc5 a6 21. Ba4 b6 22. Rcc1 b5 23. Bc2 Bxc2 24. Rxc2 Ne7 25. Rdc1 Nf5 26. Rxc8 Rxc8 27. Rxc8+ Qxc8 28. d5 Nxe3 29. fxe3 Qc4 30. Qxc4 bxc4 31. dxe6 fxe6 32. Kf2 Kf8 33. Ke2 Ke7 34. Kd2 Kd6 35. e4 Bb2 36. Kc2 Bxa3 37. Kc3 e5 38. Kxc4 Bc1 39. Ne1 g6 40. Nd3 Be3 41. Nb2 Bc1 42. Na4 Be3 43. Nc3 Bb6 44. Nd5 Bd8 45. Ne3 Bg5 46. Nd5 Bd8 1/2-1/2

[Event "12th National Schools-ch 2024"]
[Site "Gyan Bhawan Patna"]
[Date "2024.02.09"]
[Round "8.3"]
[White "Pavithra R V"]
[Black "Pratitee Bordoloi"]
[Result "0-1"]
[ECO "C50"]
[WhiteElo "1440"]
[BlackElo "1408"]
[Annotator "NA RC"]
[PlyCount "160"]
[EventDate "2024.02.05"]
[EventCountry "IND"]
[SourceTitle "playchess.com"]
[Source "ChessBase"]
[SourceQuality "1"]
[TimeControl "5400+30"]

1. e4 e5 2. Nf3 Nc6 3. Bc4 Bc5 4. Nc3 Nf6 5. d3 d6 6. Bg5 h6 7. Bh4 g5 8. Bg3 Bg4 9. h4 Rg8 10. hxg5 hxg5 11. Na4 Bb6 12. c3 Nh5 13. Qd2 Qf6 14. Nh2 Bd7 15. Bd5 Nf4 16. Bxf4 gxf4 17. Nxb6 axb6 18. f3 Qg6 19. Nf1 Ke7 20. Rh2 Rh8 21. O-O-O Rxh2 22. Nxh2 Rh8 23. Nf1 Rg8 24. Qf2 Qxg2 25. Qh4+ Qg5 26. Qh2 Rg6 27. d4 Qh6 28. Qxh6 Rxh6 29. dxe5 dxe5 30. Bxf7 Rh3 31. Rd3 Bg4 32. Bb3 Rxf3 33. Rxf3 Bxf3 34. Bc2 Kf6 35. Nh2 Bg2 36. Kd2 Kg5 37. Ke2 Kh4 38. Kf2 Kh3 39. Nf3 Bxf3 40. Kxf3 Na5 41. b3 Kh4 42. Bd3 Kg5 43. Bf1 Kh4 44. Bd3 Nc6 45. Bc4 Kg5 46. Bd5 Nd8 47. a4 c6 48. Bc4 Kf6 49. b4 Ne6 50. Bd3 Ng5+ 51. Kg4 Nf7 52. Kf3 Kg5 53. Bc4 Kf6 54. Bd3 Nd6 55. Be2 Kg5 56. Bd3 Kh4 57. Bf1 Nf7 58. Bd3 Ng5+ 59. Kf2 Kg4 60. Bc2 Nh3+ 61. Kg2 f3+ 62. Kh2 Ng5 63. Kg1 Kf4 64. Kf2 Nxe4+ 65. Bxe4 Kxe4 66. c4 Kd3 67. Kxf3 e4+ 68. Kf2 Kd2 69. b5 e3+ 70. Kf3 e2 71. c5 e1=Q 72. cxb6 Qe3+ 73. Kg2 Qxb6 74. bxc6 Qxc6+ 75. Kf2 Qf6+ 76. Kg1 Qf3 77. Kh2 Qg4 78. Kh1 Ke3 79. Kh2 Kf2 80. Kh1 Qh3# 0-1

[Event "12th National Schools-ch 2024"]
[Site "Gyan Bhawan Patna"]
[Date "2024.02.09"]
[Round "8.4"]
[White "Vedant Yogesh Kale"]
[Black "Andalamala Hemal Varshan"]
[Result "1/2-1/2"]
[ECO "B27"]
[WhiteElo "1218"]
[BlackElo "1578"]
[Annotator "NA RC"]
[PlyCount "99"]
[EventDate "2024.02.05"]
[EventCountry "IND"]
[SourceTitle "playchess.com"]
[Source "ChessBase"]
[SourceQuality "1"]
[TimeControl "5400+30"]

1. e4 c5 2. Nf3 g6 3. d4 cxd4 4. Qxd4 Nf6 5. Nc3 Nc6 6. Qa4 d6 7. e5 dxe5 8. Nxe5 Bd7 9. Nxd7 Qxd7 10. Be3 Bg7 11. Rd1 Qc8 12. Be2 O-O 13. O-O a6 14. Qb3 Nd7 15. f4 e6 16. Ne4 b5 17. c3 Qc7 18. Rd2 Nb6 19. g3 Na5 20. Qb4 Nac4 21. Bxc4 Nxc4 22. Rd3 Qc6 23. Nd2 Nxe3 24. Rxe3 Rfd8 25. Nf3 Qb6 26. Qe4 Rac8 27. Rfe1 Rc4 28. Qb1 b4 29. cxb4 Rxb4 30. b3 Bc3 31. R1e2 Bd4 32. Nxd4 Rbxd4 33. Kg2 Qc6+ 34. Kf2 Qc5 35. Qc2 Qh5 36. Kg2 Qd5+ 37. Rf3 Rd3 38. Ref2 h5 39. h4 Qb7 40. Qe2 Rd1 41. Kh2 R8d3 42. Qxd3 Rxd3 43. Rxd3 Kg7 44. Re3 Qb6 45. Rfe2 Kf6 46. Re5 Qc6 47. R2e3 Qc2+ 48. Re2 Qc6 49. R2e3 Qc2+ 50. Re2 1/2-1/2

[Event "12th National Schools-ch 2024"]
[Site "Gyan Bhawan Patna"]
[Date "2024.02.09"]
[Round "8.5"]
[White "Nivedita V C"]
[Black "Sravyasree Bheemarasetty"]
[Result "1/2-1/2"]
[ECO "E69"]
[WhiteElo "1609"]
[BlackElo "1485"]
[Annotator "NA RC"]
[PlyCount "73"]
[EventDate "2024.02.05"]
[EventCountry "IND"]
[SourceTitle "playchess.com"]
[Source "ChessBase"]
[SourceQuality "1"]
[TimeControl "5400+30"]

1. d4 Nf6 2. c4 g6 3. Nc3 Bg7 4. e4 d6 5. h3 O-O 6. Be3 c6 7. Nf3 Nbd7 8. g3 e5 9. Bg2 Qc7 10. O-O Ne8 11. g4 exd4 12. Nxd4 Ne5 13. Qe2 Be6 14. Nxe6 fxe6 15. f4 Nd7 16. g5 Bxc3 17. bxc3 Ng7 18. Rad1 Nb6 19. Qd3 Rad8 20. Bd4 e5 21. fxe5 Rxf1+ 22. Qxf1 dxe5 23. Bxe5 Rxd1 24. Bxc7 Rxf1+ 25. Bxf1 Ne6 26. Bd6 Nxg5 27. c5 Nd7 28. Bd3 Kg7 29. Kf2 Kf6 30. h4 Ne6 31. Ke3 Nexc5 32. e5+ Ke6 33. Bc4+ Kf5 34. Bf1 Kg4 35. Bc4 b5 36. Bg8 Kf5 37. Bxh7 1/2-1/2

[Event "12th National Schools-ch 2024"]
[Site "Gyan Bhawan Patna"]
[Date "2024.02.09"]
[Round "8.6"]
[White "Yuvanesh A"]
[Black "Pratiyush Kumar"]
[Result "1-0"]
[ECO "D13"]
[WhiteElo "1377"]
[BlackElo "1287"]
[Annotator "NA RC"]
[PlyCount "86"]
[EventDate "2024.02.05"]
[EventCountry "IND"]
[SourceTitle "playchess.com"]
[Source "ChessBase"]
[SourceQuality "1"]
[TimeControl "5400+30"]

1. d4 d5 2. c4 c6 3. cxd5 cxd5 4. Nc3 Nf6 5. Nf3 e6 6. Bf4 a6 7. e3 Nc6 8. Bd3 h6 9. O-O Bd6 10. Bg3 O-O 11. Rc1 Re8 12. e4 Bxg3 13. hxg3 dxe4 14. Nxe4 Nd5 15. a3 Nce7 16. Re1 b6 17. Bb1 Bb7 18. Ne5 Nc8 19. Qc2 f5 20. Nc3 Nce7 21. Ba2 Kh7 22. Qe2 Ng6 23. Nf7 Qf6 24. Nd6 Ndf4 25. gxf4 Nxf4 26. Qe3 Nxg2 27. Nxe8 Rxe8 28. Qe5 Qg5 29. Qg3 Qh5 30. d5 Nh4 31. f3 f4 32. Bb1+ Kg8 33. Qxf4 Rf8 34. Bh7+ Kxh7 35. Qxf8 Qg5+ 36. Kf2 Qg2+ 37. Ke3 Nf5+ 38. Ke4 Qd2 39. Ke5 Bxd5 40. Qxf5+ exf5 41. Nxd5 Qxb2+ 42. Kxf5 Qxa3 43. Ke4 Qb2 1-0

[Event "12th National Schools-ch 2024"]
[Site "Gyan Bhawan Patna"]
[Date "2024.02.09"]
[Round "8.7"]
[White "Aadya Gupta"]
[Black "Theephigaa K P"]
[Result "1/2-1/2"]
[ECO "D37"]
[WhiteElo "1544"]
[BlackElo "1349"]
[Annotator "NA RC"]
[PlyCount "62"]
[EventDate "2024.02.05"]
[EventCountry "IND"]
[SourceTitle "playchess.com"]
[Source "ChessBase"]
[SourceQuality "1"]
[TimeControl "5400+30"]

1. d4 d5 2. c4 e6 3. Nc3 Be7 4. Nf3 Nf6 5. Bf4 O-O 6. a3 b6 7. e3 Bb7 8. Bd3 dxc4 9. Bxc4 c5 10. O-O Nc6 11. Qe2 cxd4 12. Rfd1 Bd6 13. Bxd6 Qxd6 14. Nb5 Qe7 15. Nbxd4 Nxd4 16. Nxd4 Rfd8 17. Ba6 Rd5 18. Bxb7 Qxb7 19. Nf3 Rad8 20. Rac1 Rxd1+ 21. Rxd1 Rxd1+ 22. Qxd1 Qd5 23. Qxd5 Nxd5 24. Kf1 Kf8 25. Nd4 Ke8 26. Ke2 Kd7 27. Kd3 Ne7 28. b4 Nc6 29. Nxc6 Kxc6 30. Kc4 b5+ 31. Kd4 Kd6 1/2-1/2

[Event "12th National Schools-ch 2024"]
[Site "Gyan Bhawan Patna"]
[Date "2024.02.09"]
[Round "8.8"]
[White "Devnath Bijesh"]
[Black "Arnav Agrawal"]
[Result "1/2-1/2"]
[ECO "B90"]
[WhiteElo "1499"]
[BlackElo "1610"]
[Annotator "NA RC"]
[PlyCount "74"]
[EventDate "2024.02.05"]
[EventCountry "IND"]
[SourceTitle "playchess.com"]
[Source "ChessBase"]
[SourceQuality "1"]
[TimeControl "5400+30"]

1. e4 c5 2. Nf3 d6 3. d4 cxd4 4. Nxd4 Nf6 5. Nc3 a6 6. Be3 e5 7. Nb3 Be7 8. f3 Be6 9. Qd2 h5 10. O-O-O Nbd7 11. Kb1 Rc8 12. Nd5 Nxd5 13. exd5 Bf5 14. Bd3 Bxd3 15. Qxd3 Bg5 16. Bf2 Qc7 17. h4 Bf4 18. g3 Bh6 19. g4 hxg4 20. fxg4 Bf4 21. g5 Qc4 22. Qxc4 Rxc4 23. Rhe1 b6 24. Rd4 Rxd4 25. Nxd4 g6 26. Ne2 Bd2 27. Rd1 Bb4 28. a3 Bc5 29. Bg3 b5 30. Nc3 f5 31. gxf6 Nxf6 32. Rf1 Ke7 33. Be1 Bd4 34. Bd2 Nh7 35. Ne4 Bb6 36. Bh6 Rc8 37. b3 Bd4 1/2-1/2

[Event "12th National Schools-ch 2024"]
[Site "Gyan Bhawan Patna"]
[Date "2024.02.09"]
[Round "8.9"]
[White "Sindhusree K"]
[Black "Disha U A"]
[Result "1/2-1/2"]
[ECO "D55"]
[WhiteElo "1445"]
[BlackElo "1377"]
[Annotator "NA RC"]
[PlyCount "78"]
[EventDate "2024.02.05"]
[EventCountry "IND"]
[SourceTitle "playchess.com"]
[Source "ChessBase"]
[SourceQuality "1"]
[TimeControl "5400+30"]

1. d4 d5 2. c4 e6 3. Nf3 Nf6 4. Nc3 Be7 5. Bg5 O-O 6. Qc2 b6 7. cxd5 exd5 8. e3 Bb7 9. Bd3 Nbd7 10. O-O h6 11. Bh4 Re8 12. Rad1 a6 13. Rfe1 b5 14. a3 Nb6 15. Ne5 Nc4 16. f4 Nd6 17. Rc1 Rc8 18. Na2 c6 19. Nb4 Nc4 20. Bf5 Rc7 21. Nbd3 Ne4 22. Bxe7 Qxe7 23. Bxe4 dxe4 24. Nc5 Nd6 25. Qb1 Bc8 26. Nb3 Bb7 27. Na5 Rec8 28. Rc5 f6 29. Ng4 Nc4 30. Nxc4 bxc4 31. Rc1 Rb8 32. R1xc4 Bc8 33. Nf2 Be6 34. Rc3 Bd5 35. Qc2 Rcb7 36. b4 f5 37. Nd1 Qh4 38. Qf2 Qg4 39. Nb2 Rb5 1/2-1/2

[Event "12th National Schools-ch 2024"]
[Site "Gyan Bhawan Patna"]
[Date "2024.02.09"]
[Round "8.10"]
[White "Shadhursshaan R"]
[Black "Aniket Ranjan"]
[Result "1/2-1/2"]
[ECO "E01"]
[WhiteElo "2058"]
[BlackElo "1586"]
[Annotator "NA RC"]
[PlyCount "65"]
[EventDate "2024.02.05"]
[EventCountry "IND"]
[SourceTitle "playchess.com"]
[Source "ChessBase"]
[SourceQuality "1"]
[TimeControl "5400+30"]

1. d4 Nf6 2. c4 e6 3. Nf3 c6 4. g3 d5 5. Bg2 Bd6 6. O-O O-O 7. Qc2 Nbd7 8. Nbd2 e5 9. cxd5 cxd5 10. dxe5 Nxe5 11. Nxe5 Bxe5 12. Nf3 Re8 13. Rd1 Bg4 14. Nxe5 Rxe5 15. Be3 Qe7 16. h3 Bf5 17. Qb3 Rc8 18. Rac1 Rxc1 19. Rxc1 h6 20. Bxa7 Rxe2 21. Be3 Qe5 22. Bf4 Qxb2 23. Qxb2 Rxb2 24. Be5 Rd2 25. Bc3 Rxa2 26. Bxf6 gxf6 27. Bxd5 Ra7 28. Rc7 Be6 29. Bxe6 fxe6 30. Kg2 h5 31. h4 e5 32. Rd7 Kf8 33. Rc7 1/2-1/2

[Event "12th National Schools-ch 2024"]
[Site "Gyan Bhawan Patna"]
[Date "2024.02.10"]
[Round "9.1"]
[White "Sharvaanica A S"]
[Black "Divi Bijesh"]
[Result "1/2-1/2"]
[ECO "E05"]
[WhiteElo "1407"]
[BlackElo "1296"]
[Annotator "NA RC"]
[PlyCount "54"]
[EventDate "2024.02.05"]
[EventCountry "IND"]
[SourceTitle "playchess.com"]
[Source "ChessBase"]
[SourceQuality "1"]
[TimeControl "5400+30"]

1. d4 d5 2. c4 e6 3. Nf3 Nf6 4. g3 Be7 5. Bg2 O-O 6. O-O dxc4 7. Qa4 a6 8. Qxc4 b5 9. Qc2 Bb7 10. Bd2 Be4 11. Qc1 c6 12. Be3 Nbd7 13. Rd1 Rc8 14. Nc3 Bg6 15. Ne5 Nxe5 16. dxe5 Nd5 17. Ne4 Bxe4 18. Bxe4 Qc7 19. f4 Nxe3 20. Qxe3 c5 21. Qf3 c4 22. Kg2 Rcd8 23. Bb7 Qb6 24. Qc6 Qe3 25. Qf3 Qb6 26. Qc6 Qe3 27. Qf3 Qb6 1/2-1/2

[Event "12th National Schools-ch 2024"]
[Site "Gyan Bhawan Patna"]
[Date "2024.02.10"]
[Round "9.2"]
[White "Patel, Dhyaan"]
[Black "Advik Amit Agrawal"]
[Result "0-1"]
[ECO "E49"]
[WhiteElo "1172"]
[BlackElo "1490"]
[Annotator "NA RC"]
[PlyCount "60"]
[EventDate "2024.02.05"]
[EventCountry "IND"]
[SourceTitle "playchess.com"]
[Source "ChessBase"]
[SourceQuality "1"]
[TimeControl "5400+30"]

1. d4 e6 2. c4 Nf6 3. Nc3 Bb4 4. e3 O-O 5. Bd3 d5 6. Nge2 dxc4 7. Bxc4 c5 8. a3 Bxc3+ 9. bxc3 Nc6 10. O-O e5 11. Bb2 Bf5 12. f3 Qb6 13. Qd2 Rfd8 14. Rfd1 cxd4 15. cxd4 Na5 16. Ba2 Rac8 17. Rac1 Ne8 18. Kh1 Nb3 19. Bxb3 Qxb3 20. e4 Be6 21. d5 f6 22. Rxc8 Bxc8 23. Rc1 Bd7 24. Rc3 Qb6 25. Nc1 Nd6 26. Nd3 Bb5 27. Rb3 Nc4 28. Qb4 Nxb2 29. Nxb2 Qf2 30. h3 Bf1 0-1

[Event "12th National Schools-ch 2024"]
[Site "Gyan Bhawan Patna"]
[Date "2024.02.10"]
[Round "9.3"]
[White "Pratitee Bordoloi"]
[Black "Vidhi Angelina"]
[Result "1-0"]
[ECO "C94"]
[WhiteElo "1408"]
[BlackElo "1224"]
[Annotator "NA RC"]
[PlyCount "105"]
[EventDate "2024.02.05"]
[EventCountry "IND"]
[SourceTitle "playchess.com"]
[Source "ChessBase"]
[SourceQuality "1"]
[TimeControl "5400+30"]

1. e4 e5 2. Nf3 Nc6 3. Bb5 a6 4. Ba4 Nf6 5. O-O Be7 6. Re1 b5 7. Bb3 d6 8. c3 Nb8 9. h3 Bb7 10. d3 Nbd7 11. Nbd2 O-O 12. Nf1 c5 13. Ng3 g6 14. d4 c4 15. Bc2 Qc7 16. Bh6 Rfd8 17. d5 Ne8 18. Qd2 Ng7 19. Nh2 Nf6 20. Bd1 Bc8 21. a4 Bd7 22. a5 Nfe8 23. Be3 Rdb8 24. Ng4 f5 25. Nh6+ Kh8 26. exf5 gxf5 27. Bc2 Qc8 28. Bg5 Nf6 29. Nf7+ Kg8 30. Nxd6 Bxd6 31. Bxf6 Qf8 32. Qg5 Be8 33. Bxg7 Qxg7 34. Qxg7+ Kxg7 35. Nxf5+ Kg8 36. Nxd6 Bg6 37. Bxg6 hxg6 38. Rxe5 Rd8 39. Re6 Kg7 40. Rae1 Rd7 41. Re7+ Rxe7 42. Rxe7+ Kf6 43. Re6+ Kg7 44. Ne4 Rd8 45. Rd6 Re8 46. f3 Re5 47. Kf2 Kf7 48. Ke3 Ke7 49. Re6+ Rxe6 50. dxe6 Kxe6 51. Nc5+ Kd5 52. Nxa6 Kc6 53. Nb4+ 1-0

[Event "12th National Schools-ch 2024"]
[Site "Gyan Bhawan Patna"]
[Date "2024.02.10"]
[Round "9.4"]
[White "Rishen Jilowa"]
[Black "Vedant Yogesh Kale"]
[Result "1-0"]
[ECO "E60"]
[WhiteElo "1338"]
[BlackElo "1218"]
[Annotator "NA RC"]
[PlyCount "89"]
[EventDate "2024.02.05"]
[EventCountry "IND"]
[SourceTitle "playchess.com"]
[Source "ChessBase"]
[SourceQuality "1"]
[TimeControl "5400+30"]

1. c4 Nf6 2. g3 g6 3. b3 Bg7 4. Bb2 O-O 5. Bg2 d6 6. d4 c6 7. Nf3 Qc7 8. O-O Nbd7 9. Nc3 Nb6 10. e4 c5 11. Nd5 Nbxd5 12. exd5 Bg4 13. h3 Bxf3 14. Bxf3 Nd7 15. Re1 Rfe8 16. Qd2 cxd4 17. Bxd4 Bxd4 18. Qxd4 Qc5 19. Qxc5 Nxc5 20. Re3 Rac8 21. Rae1 Kf8 22. Bd1 Rc7 23. f4 Rec8 24. g4 Na6 25. a3 Re8 26. Kf2 Rec8 27. h4 Re8 28. h5 Rec8 29. hxg6 hxg6 30. f5 gxf5 31. gxf5 Kg7 32. Rxe7 Rxe7 33. Rxe7 Rc7 34. Re8 Nc5 35. Ke3 Kf6 36. Bc2 Re7+ 37. Rxe7 Kxe7 38. b4 Nd7 39. Kd4 b6 40. Ba4 Nf6 41. c5 bxc5+ 42. bxc5 dxc5+ 43. Kxc5 Ne4+ 44. Kc6 Nd6 45. f6+ 1-0

[Event "12th National Schools-ch 2024"]
[Site "Gyan Bhawan Patna"]
[Date "2024.02.10"]
[Round "9.5"]
[White "Tripurambika V"]
[Black "Nivedita V C"]
[Result "1-0"]
[ECO "D00"]
[WhiteElo "1396"]
[BlackElo "1609"]
[Annotator "NA RC"]
[PlyCount "107"]
[EventDate "2024.02.05"]
[EventCountry "IND"]
[SourceTitle "playchess.com"]
[Source "ChessBase"]
[SourceQuality "1"]
[TimeControl "5400+30"]

1. d4 Nf6 2. Nc3 d5 3. Bf4 e6 4. e3 Bd6 5. Nf3 O-O 6. Bd3 c5 7. Bxd6 Qxd6 8. O-O c4 9. Be2 Nc6 10. b3 Qb4 11. Nb1 cxb3 12. axb3 Ne4 13. Qd3 Qd6 14. c4 Nb4 15. Qd1 dxc4 16. bxc4 b6 17. Qb3 Bb7 18. Nc3 a5 19. Rfc1 Qe7 20. Na4 Qd6 21. Nc3 h6 22. Nxe4 Bxe4 23. Nd2 Bb7 24. Bf3 Bxf3 25. Nxf3 Rfc8 26. h3 Rc7 27. Ne5 Rac8 28. Nf3 b5 29. c5 Qd5 30. Qxd5 Nxd5 31. Rxa5 b4 32. Rb1 Rb7 33. Rb3 Nc3 34. Ne5 Ne4 35. Ra4 Rcb8 36. Nd3 Nc3 37. Raxb4 Rxb4 38. Rxb4 Ra8 39. Rc4 Ne4 40. Rc2 Kf8 41. Kf1 Ke7 42. Ke2 f6 43. Rb2 Ra7 44. Nb4 Kd7 45. Kd3 f5 46. Kc4 Kc7 47. d5 Ra4 48. dxe6 Ra5 49. Nd5+ Kc8 50. e7 Rxc5+ 51. Kd4 Rxd5+ 52. Kxd5 Kd7 53. Rb7+ Ke8 54. f3 1-0

[Event "12th National Schools-ch 2024"]
[Site "Gyan Bhawan Patna"]
[Date "2024.02.10"]
[Round "9.6"]
[White "Amartya Kumar"]
[Black "Reyan"]
[Result "0-1"]
[ECO "B22"]
[WhiteElo "1468"]
[BlackElo "1903"]
[Annotator "TA"]
[PlyCount "114"]
[EventDate "2024.02.05"]
[EventCountry "IND"]
[SourceTitle "playchess.com"]
[Source "ChessBase"]
[SourceQuality "1"]
[TimeControl "5400+30"]

1. e4 c5 2. d4 cxd4 3. c3 Nf6 4. e5 Nd5 5. Nf3 Nc6 6. cxd4 d6 7. exd6 Qxd6 8. Nc3 Bg4 9. Be2 e6 10. Be3 Be7 11. O-O O-O 12. Rc1 Rfd8 13. h3 Bf5 14. Nxd5 {[%emt 0:00:47] Black is slightly better.} Qxd5 15. Bc4 Qd6 16. a3 Bf6 17. Qe2 Nxd4 {[%emt 0:08:25] Black is more active.} 18. Bxd4 Bxd4 19. Rfd1 Qb6 20. Nxd4 Rxd4 21. Rxd4 Qxd4 22. Rd1 Qe4 23. Rd7 h6 (23... Qxe2 {simplifies} 24. Bxe2 Be4 25. f3 Bc6) 24. b3 a6 (24... Qc6 $17 25. Qd2 Be4) 25. Qxe4 $15 Bxe4 {[%emt 0:00:02][%mdl 4096] Endgame. KRB-KRB} 26. a4 (26. f3 $15 Bc6 27. Rc7) 26... Bc6 (26... Rc8 $17 27. Rd4 Bc6) 27. Rc7 g5 ({Black should play} 27... a5 $17) 28. b4 (28. a5 $11) 28... Bxa4 $17 29. Rxb7 a5 30. b5 Rc8 {[%emt 0:10:07] Inhibits b6.} 31. Be2 Rc1+ 32. Kh2 Rb1 33. Bc4 {[%emt 0:05:26] Black continues to play with concentration.} ({White should try} 33. Bh5 $15) 33... Rb4 34. Be2 Bb3 35. b6 (35. Ra7 $17 {was worth a try.}) 35... Bd5 36. Ra7 (36. Rb8+ $142 Kg7 37. Bf3) 36... Rxb6 $19 {[%emt 0:02:53] [#] Hoping for ...Rb2.} 37. Kg3 $2 (37. Rxa5 Rb2 38. Bf1) 37... Rb3+ 38. f3 Ra3 39. Bb5 Kg7 40. h4 Ra2 41. hxg5 hxg5 42. Be8 e5 43. Kg4 Kf6 44. Kg3 Bb3 45. Ra6+ Kg7 46. Kg4 (46. Bd7 $142) 46... Rxg2+ 47. Kf5 Bc2+ 48. Kxe5 Re2+ 49. Kd4 Rxe8 50. Rxa5 {[%emt 0:00:05] KRB-KR} Kf6 {[%emt 0:00:32] [#] And now ...Bd1 would win.} 51. Ra2 Bf5 52. Rg2 Re1 {[%emt 0:00:09] White must now prevent ...Rd1+.} 53. Kc3 Re3+ {[%emt 0:00:06] Black mates.} 54. Kd2 Rxf3 55. Ke2 g4 56. Rg1 Ke5 57. Rb1 Bxb1 {[%emt 0:00:06] Weighted Error Value: White=0.81/Black=0.21 (precise) .  Mistake:       	White=7     	Black=3      Inaccurate:     	White=3     	---        OK:         	White=11    	Black=14     Best:        	White=3     	Black=4} 0-1